 Dungeon Crawl Stone Soup version 0.30-a0-715-gdb4ae3ece1 (webtiles) character file.

Game seed: 987895521087497938

962 wormed the Covered (level 8, -7/58 HPs)
             Began as a Gnoll Wanderer on Jan 24, 2023.
             Mangled by an ogre
             ... wielding a +0 giant club
              (28 damage)
             ... on level 5 of the Dungeon.
             The game lasted 00:05:02 (3615 turns).

wormed the Covered (Gnoll Wanderer)                 Turns: 3615, Time: 00:05:03

Health: -7/58      AC:  7    Str: 14    XL:     8   Next: 15%
Magic:  14/14      EV: 12    Int: 13    God:
Gold:   305        SH:  0    Dex: 10    Spells: 14/15 levels left

rFire   . . .      SeeInvis .    b - +2 dagger (distort)
rCold   . . .      Faith    .    (no shield)
rNeg    . . .      Spirit   .    i - +1 leather armour
rPois   .          Reflect  .    (no helmet)
rElec   .          Harm     .    (no cloak)
rCorr   .          Rampage  .    r - +0 pair of gloves
Will    .....                    q - +0 pair of boots
Stlth   ++                       (no amulet)
HPRegen 0.29/turn                (no ring)
MPRegen 0.14/turn                (no ring)

@: no status effects
A: fangs 1, strong nose, distributed training
a: no special abilities


You were on level 5 of the Dungeon.
You visited 2 branches of the dungeon, and saw 6 of its levels.

You collected 305 gold pieces.

Inventory:

Hand Weapons
 a - a +2 hand axe
 b - a +2 dagger of distortion (weapon)
Armour
 i - a +1 leather armour (worn)
 q - a +0 pair of boots (worn)
 r - a +0 pair of gloves (worn)
Jewellery
 e - a ring of magical power
 h - a ring of resist corrosion
Scrolls
 k - a scroll of amnesia {unknown}
 l - 2 scrolls of enchant weapon {unknown}
 n - 2 scrolls of teleportation {unknown}
 o - a scroll of magic mapping {unknown}
 s - a scroll of vulnerability {unknown}
 t - a scroll of fog {unknown}
Potions
 c - 2 potions of might {unknown}
 d - a potion of flight
 g - a potion of lignification {unknown}
 j - a potion of haste {unknown}
 m - a potion of heal wounds {unknown}
 p - a potion of attraction {unknown}


   Skills:
 + Level 3.1 Fighting
 + Level 3.1 Short Blades
 + Level 3.1 Long Blades
 + Level 7.3 Axes
 + Level 3.1 Maces & Flails
 + Level 3.1 Polearms
 + Level 3.1 Staves
 + Level 3.1 Ranged Weapons
 + Level 3.1 Throwing
 + Level 7.3 Armour
 + Level 3.1 Dodging
 + Level 4.0 Stealth
 + Level 3.1 Shields
 + Level 3.1 Unarmed Combat
 + Level 4.2 Spellcasting
 + Level 2.5 Conjurations
 + Level 2.5 Hexes
 + Level 3.3 Summonings
 + Level 2.5 Necromancy
 + Level 2.5 Translocations
 + Level 2.5 Transmutations
 + Level 2.5 Fire Magic
 + Level 2.5 Ice Magic
 + Level 2.5 Air Magic
 + Level 2.5 Earth Magic
 + Level 2.5 Poison Magic
 + Level 4.3 Invocations
 + Level 3.1 Evocations


You had 14 spell levels left.
You knew the following spells:

 Your Spells              Type           Power      Damage    Failure   Level
a - Summon Small Mammal   Summ           44%        N/A       6%          1

Your spell library contained the following spells:

 Spells                   Type           Power      Damage    Failure   Level
 Summon Guardian Golem    Hex/Summ       10%        N/A       22%         3
 Blade Hands              Tmut           4%         N/A       93%         5
 Irradiate                Conj/Tmut      4%         3d13      93%         5
 Dragon Form              Tmut           4%         N/A       100%        7


Dungeon Overview and Level Annotations

Branches:
Dungeon (5/15)             Temple (1/1) D:4

Altars:
Elyvilon
Makhleb
Nemelex Xobeh
Okawaru
Ru
Vehumet
Xom
Zin
Lugonu

Shops:
D:4 [

Annotations:
D:4 2 runed translucent doors, flotson's ghost, weakling DsDe
D:5 Prince Ribbit
Abyss:1 Pikel; Sigmund


Innate Abilities, Weirdness & Mutations

You have very sharp teeth.
Your uncanny sense of smell can sniff out nearby items.
Your experience applies equally to all skills.


Message History

You hit Ijyb.
Space warps around Ijyb.
Ijyb is almost dead.
Ijyb hits you but does no damage.
You closely miss Ijyb.
Ijyb is almost dead.
Prince Ribbit hits you.
You hit Ijyb but do no damage.
Space warps around Ijyb.
You kill Ijyb!
Prince Ribbit blinks!
Your Stealth skill increases to level 4!
Prince Ribbit blinks!
Prince Ribbit croaks regally.
Prince Ribbit hits you!
You are too injured to fight recklessly!
You are too injured to fight recklessly!
You are too injured to fight recklessly!
You are too injured to fight recklessly!
You closely miss Prince Ribbit. Prince Ribbit misses you.
You hit Prince Ribbit.
Space warps horribly around Prince Ribbit!!
Prince Ribbit is severely wounded.
Prince Ribbit hits you!
* * * LOW HITPOINT WARNING * * *
An ogre comes into view. It is wielding a +0 giant club.
Prince Ribbit hits you!
* * * LOW HITPOINT WARNING * * *
You feel better.
Prince Ribbit blinks!
You feel better.
You feel better.
The ogre shouts!
Prince Ribbit blinks!
Prince Ribbit hits you!
You closely miss Prince Ribbit. Your bite misses Prince Ribbit.
Prince Ribbit is severely wounded.
Prince Ribbit blinks!
Prince Ribbit asks, "Just a little smooch?"
You hit the ogre.
Space warps around the ogre.
You bite the ogre.
The ogre is moderately wounded.
The ogre hits you with a +0 giant club!!
You die...

##......#
##.....>.# ∆
#........#
#.......## .
#.......# ..##
#.)....##
.....####...####
........#..##
.......@F..#
.......O..##
..........#
#.........#
######....#
###..# #..# ....
....


You could see Prince Ribbit and an ogre.

Vanquished Creatures
  Edmund (D:5)
  A necrophage (D:3)
  Ijyb (D:5)
  An iguana (D:4)
  3 adders
  A worm (D:4)
  2 dart slugs
  6 orcs
  3 endoplasms
  A giant cockroach (D:4)
  6 goblins
  12 hobgoblins
  7 jackals
  7 kobolds
  7 quokkas
  8 ball pythons
  8 bats
  4 frilled lizards
  5 rats
84 creatures vanquished.

Notes
Turn   | Place    | Note
-------+----------+-------------------------------------------
     0 | D:1      | wormed the Gnoll Wanderer began the quest for the Orb.
     0 | D:1      | wormed set off with the following items: a +2 hand axe, a
                  | +0 ring mail, a potion of invisibility; and the following
                  | spell memorised: Summon Small Mammal; and the following
                  | spells available to memorise: Summon Guardian Golem.
     0 | D:1      | Reached XP level 1. HP: 13/13 MP: 4/4
    96 | D:1      | Reached XP level 2. HP: 19/19 MP: 5/5
   496 | D:1      | Reached XP level 3. HP: 25/25 MP: 7/7
   750 | D:2      | Reached skill level 1 in Fighting
   750 | D:2      | Reached skill level 1 in Short Blades
   750 | D:2      | Reached skill level 1 in Long Blades
   750 | D:2      | Reached skill level 1 in Maces & Flails
   750 | D:2      | Reached skill level 1 in Polearms
   750 | D:2      | Reached skill level 1 in Staves
   750 | D:2      | Reached skill level 1 in Ranged Weapons
   750 | D:2      | Reached skill level 1 in Throwing
   750 | D:2      | Reached skill level 1 in Dodging
   750 | D:2      | Reached skill level 1 in Shields
   750 | D:2      | Reached skill level 1 in Unarmed Combat
   750 | D:2      | Reached skill level 1 in Evocations
   841 | D:2      | Reached XP level 4. HP: 29/32 MP: 8/8
   970 | D:2      | Reached skill level 1 in Conjurations
   970 | D:2      | Reached skill level 1 in Hexes
   970 | D:2      | Reached skill level 1 in Necromancy
   970 | D:2      | Reached skill level 1 in Translocations
   970 | D:2      | Reached skill level 1 in Transmutations
   970 | D:2      | Reached skill level 1 in Fire Magic
   970 | D:2      | Reached skill level 1 in Ice Magic
   970 | D:2      | Reached skill level 1 in Air Magic
   970 | D:2      | Reached skill level 1 in Earth Magic
   970 | D:2      | Reached skill level 1 in Poison Magic
  1164 | D:2      | Found a shimmering altar of Xom.
  1784 | D:3      | Reached XP level 5. HP: 37/37 MP: 9/9
  2264 | D:4      | Found Vov Reocvyst's Armour Emporium.
  2287 | D:4      | Found a large runed translucent door.
  2288 | D:4      | Found a large runed translucent door.
  2290 | D:4      | Noticed flotson's ghost (weakling DsDe)
  2345 | D:4      | Noticed a lemure
  2346 | D:4      | Noticed Pikel
  2348 | D:4      | Noticed a lemure
  2348 | D:4      | Noticed a lemure
  2350 | D:4      | Noticed a lemure
  2352 | D:4      | Banished Pikel
  2353 | D:4      | Reached XP level 6. HP: 28/46 MP: 9/11
  2353 | D:4      | Reached XP level 7. HP: 32/51 MP: 9/12
  2716 | D:4      | Found a staircase to the Ecumenical Temple.
  2726 | Temple   | Entered the Ecumenical Temple
  3072 | D:5      | Entered Level 5 of the Dungeon
  3072 | D:5      | Noticed Edmund
  3187 | D:5      | Noticed Sigmund
  3212 | D:5      | Banished Sigmund
  3331 | D:5      | Killed Edmund
  3332 | D:5      | Reached XP level 8. HP: 41/58 MP: 14/14
  3587 | D:5      | Noticed Ijyb
  3592 | D:5      | Noticed Prince Ribbit
  3600 | D:5      | Killed Ijyb
  3615 | D:5      | Mangled by an ogre

Illustrated notes

Levels and vault maps discovered:
D:1:      lemuel_arrival_funnel, layout_rooms
D:2:      layout_rooms, basic_altar
D:3:      layout_loops_ring, roderic_roman_lattice, grunt_ministairs_3
D:4:      layout_basic, minmay_temple_entry_drinking_statues, serial_shops,
          nicolae_shop_crystal, ebering_ghost_disaster_area, uniq_pikel
D:5:      layout_cave_pods, chei_slow_surprise, gammafunk_temple_overflow_pools,
          uniq_edmund, uniq_ijyb, uniq_prince_ribbit1, uniq_sigmund
Temple:   corrupted_temple

Skill      XL: |  1  2  3  4  5  6  7  8 |
---------------+-------------------------+-----
Summonings     | 2 3 |  3.3
Fighting       | 1 2 3 |  3.1
Short Blades   | 1 2 3 |  3.1
Long Blades    | 1 2 3 |  3.1
Maces & Flails | 1 2 3 |  3.1
Polearms       | 1 2 3 |  3.1
Staves         | 1 2 3 |  3.1
Ranged Weapons | 1 2 3 |  3.1
Throwing       | 1 2 3 |  3.1
Dodging        | 1 2 3 |  3.1
Shields        | 1 2 3 |  3.1
Unarmed Combat | 1 2 3 |  3.1
Evocations     | 1 2 3 |  3.1
Spellcasting   | 3 4 |  4.2
Conjurations   | 1 2 |  2.5
Hexes          | 1 2 |  2.5
Necromancy     | 1 2 |  2.5
Translocations | 1 2 |  2.5
Transmutations | 1 2 |  2.5
Fire Magic     | 1 2 |  2.5
Ice Magic      | 1 2 |  2.5
Air Magic      | 1 2 |  2.5
Earth Magic    | 1 2 |  2.5
Poison Magic   | 1 2 |  2.5
Invocations    | 3 4 |  4.3
Axes           | 7 |  7.3
Armour         | 7 |  7.3
Stealth        | 3 4 |  4.0

Action                     |  1- 3 |  4- 6 |  7- 9 || total
---------------------------+-------+-------+-------++-------
  Melee: Hand axe          |    40 |       |       ||    40
         Bite              |     3 |     6 |     4 ||    13
         Dagger            |    63 |    80 |    60 ||   203
         Punch             |       |     2 |       ||     2
    Use: Scroll            |     3 |     1 |     2 ||     6
         Potion            |     1 |       |     4 ||     5
   Stab: Sleeping          |     3 |     8 |     4 ||    15
         Invisible         |     1 |       |       ||     1
 Armour: Ring mail         |    19 |       |       ||    19
         Leather armour    |    17 |    12 |     9 ||    38
  Dodge: Dodged            |    59 |    43 |    15 ||   117

Table legend: (Time is in decaauts)
 A = Elapsed time spent in this place.
 B = Non-inter-level travel time spent in this place.
 C = Inter-level travel time spent in this place.
 D = Time resting spent in this place.
 E = Time spent auto-exploring this place.
 F = Levels seen in this place.
 G = Mean time per level.
                   A        B        C        D        E       F      G
               +--------+--------+--------+--------+--------+-----+--------+
         Total |   3598 |   3323 |    275 |      0 |   2635 |   6 |  599.7 |
       Dungeon |   3556 |   3293 |    263 |      0 |   2614 |   5 |  711.2 |
        Temple |     42 |     30 |     12 |      0 |     21 |   1 |   42.0 |
               +--------+--------+--------+--------+--------+-----+--------+

Top non-repeatable levels by time:
     D:4: 930 daAuts
     D:3: 791 daAuts
     D:1: 729 daAuts
     D:2: 678 daAuts
     D:5: 427 daAuts
  Temple: 42 daAuts
